 Dungeon Crawl Stone Soup version 0.20.1-1-g8b1a95d (webtiles) character file.

65 Gargoyl the Skirmisher (level 3, -15/34 HPs)
             Began as a Minotaur Abyssal Knight on Aug 11, 2017.
             Was a Follower of Lugonu.
             Demolished by an ogre
             ... wielding a +0 giant spiked club
              (26 damage)
             ... on level 3 of the Dungeon.
             The game lasted 00:04:22 (1598 turns).

Gargoyl the Skirmisher (Minotaur Abyssal Knight)    Turns: 1598, Time: 00:04:23

Health: -15/34     AC: 12    Str: 18    XL:     3   Next: 92%
Magic:  3/3        EV:  7    Int:  9    God:    Lugonu [*.....]
Gold:   92         SH:  0    Dex: 10    Spells: 2/2 levels left

rFire    + . .     SeeInvis .   a - +1 hand axe
rCold    + . .     Gourm    .   (no shield)
rNeg     . . .     Faith    .   d - +0 chain mail
rPois    .         Spirit   .   m - +2 hat
rElec    .         Reflect  .   (no cloak)
rCorr    .         Harm     .   h - +0 pair of gloves
MR       .....                  (no boots)
Stlth    ..........             (no amulet)
Regen    0.2/turn               f - ring of protection from fire
MPRegen  0.1/turn               (no ring)

@: no status effects
A: retaliatory headbutt, horns 2, cold resistance 1, strong 1
a: Depart the Abyss, Renounce Religion


You were on level 3 of the Dungeon.
You worshipped Lugonu.
Lugonu was aware of your devotion.
You were not hungry.

You visited 1 branch of the dungeon, and saw 3 of its levels.
You visited the Abyss 1 time.

You collected 92 gold pieces.

Inventory:

Hand Weapons
 a - a +1 hand axe (weapon)
Armour
 d - a +0 chain mail (worn)
 h - a +0 pair of gloves (worn)
 m - a +2 hat (worn)
Jewellery
 f - a ring of protection from fire (left hand)
Potions
 e - 3 potions of heal wounds {unknown}
 g - 2 potions of curing
 k - a potion of might {unknown}
 n - a potion of haste {unknown}
 o - a potion of mutation
Comestibles
 b - a royal jelly
 c - 4 bread rations
 i - 5 fruits
 j - 2 meat rations


   Skills:
 + Level 4.6 Fighting
 + Level 3.2 Axes
 * Level 3.3 Armour
 + Level 1.1 Dodging
 * Level 2.1 Invocations


You had 2 spell levels left.
You didn't know any spells.

Dungeon Overview and Level Annotations

Branches:
Dungeon (3/15)

Altars:
Makhleb


Innate Abilities, Weirdness & Mutations

You reflexively headbutt those who attack you in melee.
You have a pair of horns on your head.
Your flesh is cold resistant. (rC+)
Your muscles are strong. (Str +2)


Message History

Okay, then.
Unknown command.
It was a potion of mutation.
You feel extremely strange.
You feel resistant to cold.
You feel stronger.
The ogre hits you with a giant spiked club!
An ogre is nearby!
The ogre barely misses you.
There is a stone staircase leading up here.
You hit the ogre.
The ogre is lightly wounded.
The ogre hits you with a giant spiked club!
* * * LOW HITPOINT WARNING * * *
You hit the ogre.
The ogre is lightly wounded.
The ogre hits you but does no damage.
You hit the ogre.
The ogre is lightly wounded.
The ogre hits you with a giant spiked club!!
Ouch! That really hurt!
You die...

######...".............#
###.#.#.#.#.#####.#
#.......)<..# #[#
##.#.#.#.#.## #.#
#...........# ###
##.#.#.#.#.##
#)..........#
##.#.#.#.#.##
#....@O.....#
##.#.#.#.#.## #########


You could see an ogre.

Vanquished Creatures
  2 adders (D:2)
  A leopard gecko (D:2)
  5 orcs
  A ball python (D:2)
  2 giant cockroaches
  2 goblins
  6 hobgoblins
  6 kobolds
  7 bats
  3 frilled lizards
  4 rats
39 creatures vanquished.

Notes
Turn   | Place    | Note
-------+----------+-------------------------------------------
     0 | Abyss:1  | Gargoyl the Minotaur Abyssal Knight began the quest for the Orb.
     0 | Abyss:1  | Reached XP level 1. HP: 19/19 MP: 1/1
    18 | Abyss:1  | Noticed a small abomination
    40 | Abyss:2  | Found a corrupted altar of Lugonu.
    88 | Abyss:2  | Noticed a small abomination
   103 | Abyss:2  | Noticed a demonic crawler
   106 | D:1      | Escaped the Abyss
   212 | D:1      | Reached * piety under Lugonu
   279 | D:1      | Reached XP level 2. HP: 27/27 MP: 2/2
   514 | D:2      | Reached skill level 4 in Fighting
   645 | D:2      | Found a burning altar of Makhleb.
   957 | D:2      | Reached XP level 3. HP: 34/34 MP: 3/3
  1235 | D:3      | Noticed an ogre
  1562 | D:3      | Gained mutation: Your flesh is cold resistant. (rC+) [potion of mutation]
  1562 | D:3      | Gained mutation: Your muscles are strong. (Str +2) [potion of mutation]
  1598 | D:3      | Demolished by an ogre

Skill      XL: |  1  2  3 |
---------------+----------+-----
Fighting       | 4 |  4.6
Armour         | 3 |  3.3
Invocations    | 2 |  2.1
Axes           | 3 |  3.2
Dodging        | |  1.1

Action                   || total
-------------------------++-------
Melee: Hand axe          ||    78
       Headbutt          ||     8
Invok: Depart the Abyss  ||     1
  Use: Scroll            ||     9
       Potion            ||     1
  Eat: Chunk             ||     2
Armor: Chain mail        ||    68
Dodge: Dodged            ||    37
